 Dungeon Crawl Stone Soup version 0.29-a0-72-g1732ff48e7 (webtiles) character file.

Game seed: 12564462517891577247

183 enile the Ducker (level 5, 0/25 HPs)
             Began as a Felid Wanderer on Feb 3, 2022.
             Was an Initiate of Gozag.
             Slain by a bullfrog (2 damage)
             ... on level 6 of the Dungeon.
             The game lasted 00:16:48 (6991 turns).

enile the Ducker (Felid Wanderer)                   Turns: 6991, Time: 00:16:48

Health: 0/25       AC:  2    Str:  7    XL:     5   Next: 35%
Magic:  7/7        EV: 21    Int: 14    God:    Gozag
Gold:   365        SH:  0    Dex: 16    Spells: 3/6 levels left
                                        Lives:  0   Deaths: 2

rFire   . . .      SeeInvis +     - Unarmed
rCold   + + .      Faith    .   (shield unavailable)
rNeg    . . .      Spirit   .   (armour unavailable)
rPois   .          Reflect  .   (helmet unavailable)
rElec   .          Harm     .   (cloak unavailable)
rCorr   .          Rampage  .   (gloves unavailable)
Will    .....                   (boots unavailable)
Stlth   +++.......              m - amulet of magic regeneration
HPRegen 0.08/turn               (no ring)
MPRegen 0.50/turn               (no ring)

@: quick
A: very small, claws 1, fangs 3, see invisible, speed 1, shaggy fur 2, stealthy
paws, no weapons or thrown items, no armour, multi-lived, clumsy 1, cold
resistance 2, deterioration 1
a: Renounce Religion, Potion Petition, Call Merchant, Bribe Branch


You were on level 6 of the Dungeon.
You worshipped Gozag.
Gozag was aware of your devotion.
You visited 1 branch of the dungeon, and saw 6 of its levels.
You also visited: Sewer.

You collected 761 gold pieces.
You paid 396 gold pieces to Gozag.

Inventory:

Missiles
 e - 2 curare-tipped darts
Jewellery
 m - an amulet of magic regeneration (around neck)
Scrolls
 a - a scroll of amnesia
 n - a scroll of immolation
Potions
 c - a potion of attraction


   Skills:
 - Level 4.0 Fighting
 - Level 7.0 Dodging
 - Level 6.0 Stealth
 - Level 5.0 Unarmed Combat
 - Level 1.0 Spellcasting
 + Level 2.6 Translocations
 - Level 2.1 Evocations


You had 3 spell levels left.
You knew the following spells:

 Your Spells              Type           Power      Damage    Failure   Level
a - Blink                 Tloc           16%        N/A       14%         2
b - Pain                  Necr           0%         1d4       26%         1

Your spell library contained the following spells:

 Spells                   Type           Power      Damage    Failure   Level
 Dazzling Flash           Conj/Hex       0%         N/A       61%         3
 Iskenderun's Mystic Bla  Conj/Tloc      4%         2d3       83%         4
 Manifold Assault         Tloc           8%         N/A       94%         5
 Cause Fear               Hex            0%         N/A       95%         4
 Agony                    Necr           0%         N/A       100%        5
 Starburst                Conj/Fire      0%         6d3       100%        6
 Dragon Form              Tmut           0%         N/A       100%        7
 Storm Form               Tmut/Air       0%         N/A       100%        7
 Dragon's Call            Summ           0%         N/A       100%        9
 Excruciating Wounds      Necr           Unusable   N/A       N/A         5

Dungeon Overview and Level Annotations

Branches:
Dungeon (6/15)              Sewer (visited)
 Temple: D:4-7

Altars:
Gozag
Wu Jian

Annotations:
D:3 exclusion: jelly


Innate Abilities, Weirdness & Mutations

You have sharp claws.
You have razor-sharp teeth.
You have supernaturally acute eyesight. (SInv)
You cover ground quickly. (Speed+)
You are covered in thick fur. (AC +2)
Your paws help you pounce on unaware monsters.
You are incapable of wielding weapons or throwing items.
You cannot wear armour.
You gain extra lives every three experience levels.
You are clumsy. (Dex -2)
Your flesh is very cold resistant. (rC++)
Your body sometimes deteriorates upon taking damage.


Message History

You miscast Blink.
You are very lightly contaminated with residual magic.
Nothing appears to happen.
The bullfrog misses you. x2
Casting: Blink (safe; 14% risk of failure)
Confirm with . or Enter, or press ? or * to list all spells.
You blink.
The bullfrog swells and bulges.
You feel stable enough to blink again.
Your magical contamination has completely faded away.
Okay, then.
The bullfrog barely misses you. The bullfrog misses you.
The bullfrog swells and bulges.
The bullfrog snags a nearby mosquito with its tongue.
The bullfrog closely misses you. The bullfrog misses you.
The bullfrog hits you.
* * * LOW HITPOINT WARNING * * *
Okay, then.
There are monsters nearby!
The bullfrog completely misses you. The bullfrog hits you.
You die...
You are now level 5!
You rejoin the land of the living...
The bullfrog hits you! The orc priest hits you with a +0 club.
You scratch the orc priest.
The orc priest is lightly wounded.
The bullfrog hits you.
The bullfrog hits you but does no damage.
The orc priest looks satisfied for a moment.
The bullfrog completely misses you.
The orc priest mumbles some strange prayers to Beogh against you.
Beogh smites you!
* * * LOW HITPOINT WARNING * * *
The bullfrog hits you.
* * * LOW HITPOINT WARNING * * *
The bullfrog hits you.
You die...
Your body crumbles into a pile of gold.

############# #.............
######..[#...#...# ####
...#.............. ######...
...+.#...#.$.#...# #.....>##
...##............. #......#<
...#######################.......
...# #......##.#F$...... ...###
##@.......F.#...... .....#
#F#...##...#....... ####.#
#..#..##..#........
####.##########...#..F.#.........
...................#..#..........
.###.##########.##..##..##.##..##
.# #....o.......##..##..##.##..#
.###...............#..#.....#..#
...+..............#....#....#..#


You could see 2 bullfrogs.

Vanquished Creatures
  An ogre (D:4)
  2 scorpions (D:5)
  2 killer bees (D:4)
  2 hounds (D:4)
  A jelly (D:3)
  A bullfrog skeleton (D:5)
  An iguana (D:4)
  A scorpion zombie (D:5)
  12 adders
  2 worms (D:2)
  A dart slug (D:4)
  4 orcs
  3 bats
  13 endoplasms
  6 giant cockroaches
  5 goblins
  7 hobgoblins
  2 jackals (D:1)
  12 quokkas
  16 ball pythons
  20 frilled lizards
  11 kobolds
  3 rats
128 creatures vanquished.

Vanquished Creatures (others)
  6 plants (D:1)
6 creatures vanquished.

Grand Total: 134 creatures vanquished

Notes
Turn   | Place    | Note
-------+----------+-------------------------------------------
     0 | D:1      | enile the Felid Wanderer began the quest for the Orb.
     0 | D:1      | enile set off with the following items: a scroll of fear, a
                  | scroll of blinking, a potion of attraction, a wand of flame
                  | (6)
     0 | D:1      | Reached XP level 1. HP: 9/9 MP: 2/2
   133 | D:1      | Reached XP level 2. HP: 9/13 MP: 3/3
   136 | D:1      | Reached skill level 3 in Dodging
   830 | D:1      | Found a faded altar of an unknown god.
   832 | D:1      | Noticed a great orb of eyes
   833 | D:1      | Noticed a golden eye
   833 | D:1      | Noticed a shining eye
   833 | D:1      | Noticed a floating eye
   841 | D:1      | Prayed at the altar of an unknown god.
   841 | D:1      | Became a worshipper of Gozag Ym Sagoz the Greedy
  1211 | D:2      | Reached skill level 4 in Dodging
  1217 | D:2      | Reached XP level 3. HP: 16/16 MP: 4/4
  1281 | D:2      | Reached skill level 1 in Stealth
  1296 | D:2      | Learned a level 2 spell: Blink
  2141 | D:2      | Reached XP level 4. HP: 20/20 MP: 5/5
  2500 | D:3      | Found an ornate altar of the Wu Jian Council.
  3050 | D:4      | Reached skill level 5 in Dodging
  3050 | D:4      | Reached XP level 5. HP: 24/24 MP: 6/6
  3784 | D:4      | Noticed an ogre
  3798 | D:4      | Gained mutation: You are covered in thick fur. (AC +2)
                  | [Felid growth]
  3798 | D:4      | Reached XP level 6. HP: 19/28 MP: 7/7
  3986 | D:5      | Entered Level 5 of the Dungeon
  4254 | D:4      | Reached skill level 6 in Dodging
  4254 | D:4      | Reached skill level 5 in Stealth
  4814 | D:5      | Reached skill level 7 in Dodging
  4814 | D:5      | Reached XP level 7. HP: 32/32 MP: 8/8
  5454 | D:6      | Found a glowing drain.
  5465 | Sewer    | Entered a sewer
  5594 | Sewer    | Gained mutation: You are clumsy. (Dex -2) [potion of
                  | mutation]
  5594 | Sewer    | Gained mutation: Your flesh is cold resistant. (rC+)
                  | [potion of mutation]
  5594 | Sewer    | Gained mutation: Your body sometimes deteriorates upon
                  | taking damage. [potion of mutation]
  5594 | Sewer    | Gained mutation: Your flesh is very cold resistant. (rC++)
                  | [potion of mutation]
  5929 | Sewer    | Learned a level 1 spell: Pain
  6200 | Sewer    | Reached skill level 1 in Spellcasting
  6370 | Sewer    | HP: 1/32 [quokka (4)]
  6872 | Sewer    | Slain by a bullfrog
  6873 | Sewer    | Reached XP level 6. HP: -2/28 MP: 8/8
  6955 | D:6      | Slain by a bullfrog
  6956 | D:6      | Reached XP level 5. HP: -2/25 MP: 7/7
  6991 | D:6      | Slain by a bullfrog

Illustrated notes

Levels and vault maps discovered:
D:1:      dpeg_arrival_windows_large_door, layout_basic,
          hellmonk_ecumenical_altar_watching_god, minmay_lizard_king
D:2:      layout_basic
D:3:      layout_rooms, mainiacjoe_overflow_chevrons,
          hangedman_decor_clover_reticule
D:4:      minmay_diamond_boxcup, layout_loops_ring, nemelex_dance_club_becter,
          hangedman_decor_opposing
D:5:      layout_basic, minmay_temple_entry_stoned_glass
D:6:      layout_basic, lemuel_coloured_pillars_altar, kennysheep_little_box,
          portal_sewer_entry_d, minivault_26

Skill      XL: |  1  2  3  4  5  6  7 |
---------------+----------------------+-----
Fighting       | 2 3 4 |  4.0
Dodging        | 4 5 7 |  7.0
Stealth        | 3 4 5 6 |  6.0
Translocations | 2 |  2.6
Spellcasting   | 1 |  1.0
Unarmed Combat | |  5.0
Evocations     | |  2.1

Action                   |  1- 3 |  4- 6 |  7- 9 || total
-------------------------+-------+-------+-------++-------
Melee: Unarmed           |   113 |   114 |   177 ||   404
       Bite              |    12 |    12 |    13 ||    37
       Punch             |     4 |       |     4 ||     8
 Cast: Pain              |       |     1 |     4 ||     5
       Blink             |       |     1 |     2 ||     3
Invok: Potion Petition   |       |       |     1 ||     1
Evoke: Wand              |     2 |     4 |       ||     6
  Use: Scroll            |       |     7 |     4 ||    11
       Potion            |       |     1 |     6 ||     7
 Stab: Sleeping          |     4 |     8 |     5 ||    17
       Distracted        |       |       |     1 ||     1
Armor: Skin              |     4 |     6 |    19 ||    29
Dodge: Dodged            |    70 |   146 |   251 ||   467

Table legend: (Time is in decaauts)
 A = Elapsed time spent in this place.
 B = Non-inter-level travel time spent in this place.
 C = Inter-level travel time spent in this place.
 D = Time resting spent in this place.
 E = Time spent auto-exploring this place.
 F = Levels seen in this place.
 G = Mean time per level.
                   A        B        C        D        E       F      G
               +--------+--------+--------+--------+--------+-----+--------+
         Total |   6370 |   6223 |    147 |   1238 |   3515 |   7 |  910.0 |
       Dungeon |   4912 |   4765 |    147 |    841 |   2869 |   6 |  818.7 |
         Sewer |   1458 |   1458 |      0 |    397 |    646 |   1 | 1458.0 |
               +--------+--------+--------+--------+--------+-----+--------+

Top non-repeatable levels by time:
   Sewer: 1458 daAuts
     D:1: 1050 daAuts
     D:2: 960 daAuts
     D:4: 941 daAuts
     D:3: 866 daAuts
     D:6: 592 daAuts
     D:5: 500 daAuts
